Map: Defender's Landing LE

Players

Juxtapose

  • Race: Terran Terran
  • League: Silver
  • Spawn Location: 7:00

squishydoom - Winner!

  • Race: Protoss Protoss
  • League: Gold
  • Spawn Location: 1:00

VOD

https://youtu.be/x7OybRxvp3U

Description

This match is just embarrassing for me. I was already feeling glum from my five game lose streak and had I should have walked away for the day, but instead I had to do (and try to win) one more match.

Time

  • Played on: July 16, 2017, 3:58 p.m.
  • Length: 5:09
Show
View Real Time Build Order
Export as new Build Order

Juxtapose Terran 

Build Orders:  

Get SALT Encoding   

  12  0:01  SCV  
  13  0:13  SCV  
  14  0:22  Supply Depot  
  14  0:25  SCV  
  15  0:43  SCV  
  15  0:47  Barracks  
  16  0:55  SCV  
  17  1:08  SCV  
  18  1:15  Supply Depot  
  18  1:20  SCV  
  19  1:32  SCV  
  20  1:44  Refinery  
  20  1:45  Orbital Command  
  20  1:47  Refinery  
  20  1:53  Barracks  
  20  1:54  Marine, Engineering Bay  
  21  2:12  Marine  
  22  2:20  Supply Depot  
  22  2:25  SCV  
  23  2:38  SCV  
  23  2:42  Barracks Tech Lab  
  24  2:45  Barracks Reactor  
  24  2:50  SCV  
  25  3:03  Supply Depot  
  25  3:08  Missile Turret  
  25  3:14  Command Center  
  25  3:22  Missile Turret  
  25  3:23  Marine  
  25  3:24  Marine x2  
  25  3:26  Supply Depot  
  28  3:39  Factory  
  28  3:41  SCV  
  29  3:53  SCV  
  30  3:57  Marine x2  
  30  3:59  Marine  
  25  4:26  Widow Mine  
  25  4:31  Marine x2  
  25  4:35  Orbital Command  
  25  4:37  Marine  
  28  4:46  Bunker  
  28  4:49  Marine  
Show
View Real Time Build Order
Export as new Build Order

squishydoom Protoss - Winner!

Build Orders:  

Get SALT Encoding   

  12  0:05  Probe (Chrono Boost)  
  13  0:16  Probe (Chrono Boost)  
  13  0:20  Pylon  
  14  0:26  Probe (Chrono Boost)  
  15  0:38  Probe (Chrono Boost)  
  15  0:41  Gateway  
  16  0:46  Assimilator  
  16  0:49  Probe (Chrono Boost)  
  17  1:05  Probe (Chrono Boost)  
  18  1:17  Probe (Chrono Boost)  
  19  1:28  Probe (Chrono Boost)  
  19  1:32  Cybernetics Core  
  20  1:38  Probe (Chrono Boost), Assimilator  
  21  1:48  Pylon x2  
  21  1:49  Probe (Chrono Boost)  
  22  1:59  Probe (Chrono Boost)  
  23  2:08  Warp Gate (Chrono Boost)  
  23  2:09  Stalker (Chrono Boost)  
  23  2:12  Probe  
  23  2:14  Gateway  
  26  2:17  Gateway  
  26  2:29  Gateway  
  26  2:37  Stalker  
  26  2:40  Probe  
  29  2:53  Probe  
  29  2:55  Pylon  
  30  3:01  Stalker  
  30  3:04  Stalker  
  34  3:12  Stalker  
  36  3:18  Pylon  
  36  3:41  Pylon, Mothership Core  
  38  4:06  Stalker x4  
  44  4:33  Stalker x3  
  44  4:34  Stalker  
  52  4:50  Pylon  
  52  4:56  Stalker x3  
  58  5:05  Stalker  
Tags
 
Add a new tag
Caveats
  • Supply blocks, unpowered buildings, or Contaminate may cause inaccurate times.
  • Supply counts are checked every 10 seconds.